 Dungeon Sprint DCSS version 0.28-a0-1435-g82390b3a13 (webtiles) character file.

Game seed: 11483684798644801978

6060 mhtbhm the Severer (level 10, -5/157 HPs)
             Began as a Minotaur Fighter on Jan 10, 2022.
             Was an Initiate of Gozag.
             Slain by a death cob (18 damage)
             ... in the Dungeon (Sprint VII: "The Pits").
             The game lasted 00:04:40 (2651 turns).

mhtbhm the Severer (Minotaur Fighter)               Turns: 2651, Time: 00:04:41

Health: -5/157     AC: 15    Str: 25    XL:     10   Next: 57%
Magic:  9/9        EV: 14    Int:  5    God:    Gozag
Gold:   1782       SH:  7    Dex: 13    Spells: 9/9 levels left

rFire   + . .      SeeInvis .   a - +1 broad axe (vorpal)
rCold   + . .      Faith    .   c - +0 buckler
rNeg    . . .      Spirit   .   b - +3 scale mail {rPois}
rPois   +          Reflect  .   (helmet restricted)
rElec   +          Harm     .   (no cloak)
rCorr   +          Rampage  .   (no gloves)
Will    .....      NoTele   +   (no boots)
Stlth   ..........              (no amulet)
HPRegen 0.36/turn               o - +3 ring of protection
MPRegen 0.11/turn               p - +3 ring of dexterity

@: mighty, berserking, resistant, weak-willed, gold aura, hasted, very quick
A: horns 2, retaliatory headbutt
a: Renounce Religion, Potion Petition, Call Merchant, Bribe Branch


You were in the Dungeon.
You worshipped Gozag.
Gozag was most pleased with you.
You visited 1 branch You collected 2358 gold pieces.
You paid 576 gold pieces to Gozag.

Inventory:

Hand Weapons
 a - a +1 vorpal broad axe (weapon)
Missiles
 n - 7 poisoned darts (quivered)
Armour
 b - a +3 scale mail of poison resistance (worn)
 c - a +0 buckler (worn)
Jewellery
 o - a +3 ring of protection (left hand)
 p - a +3 ring of dexterity (right hand)
Scrolls
 j - a scroll of blinking
 l - 5 scrolls of amnesia
 m - a scroll of summoning
Potions
 d - a potion of might
 e - 8 potions of curing
 f - 6 potions of heal wounds
 g - a potion of haste
 h - 4 potions of magic
 i - 2 potions of berserk rage
 k - 2 potions of invisibility


   Skills:
 + Level 15.2 Fighting
 + Level 16.6 Axes
 + Level 13.6 Armour
 + Level 9.3 Dodging
 + Level 2.4 Stealth
 + Level 12.6 Shields


You had 9 spell levels left.
You didn't know any spells.
Your spell library was empty.

Dungeon Overview and Level Annotations

Branches:
Dungeon (1/1)

Altars:
Ashenzari
Cheibriados
Dithmenos
Elyvilon
Fedhas
Gozag
Hepliaklqana
Kikubaaqudgha
Makhleb
Nemelex Xobeh
Okawaru
Qazlal
Ru
Sif Muna
Trog
Uskayaw
Vehumet
Wu Jian
Xom
Yredelemnul
Zin
The Shining One
Beogh
Jiyva
Lugonu


Innate Abilities, Weirdness & Mutations

You have a pair of horns on your head.
You reflexively headbutt those who attack you in melee.


Message History

The death cob gives a chilling moan.
You slash the deep troll! Your headbutt misses the deep troll.
The deep troll is moderately wounded.
You hit the phantasmal warrior but do no damage.
The phantasmal warrior barely misses you.
You furiously retaliate!
You headbutt the phantasmal warrior! You slice the deep troll!!
Your headbutt misses the deep troll.
The deep troll is severely wounded.
You slice the phantasmal warrior!!
The death cob is no longer distracted by gold.
The deep troll closely misses you. You block the deep troll's attack.
The deep troll claws you!
The death cob hits you but does no damage.
You slice the death cob!!
The death cob is heavily damaged.
You closely miss the deep troll. You barely miss the phantasmal warrior.
The phantasmal warrior closely misses you.
The death cob barely misses you. The deep troll barely misses you.
The deep troll completely misses you. The deep troll claws you.
Unknown command.
You miss the death cob. Your headbutt misses the death cob.
The death cob is heavily damaged.
You hit the deep troll but do no damage.
You slice the phantasmal warrior!!
You destroy the phantasmal warrior!
The death cob hits you!! You block the orc warrior's attack.
Unknown command.
You miss the death cob. You headbutt the death cob!
The death cob is heavily damaged.
You slash the deep troll! The death cob hits you!!
* * * LOW HITPOINT WARNING * * *
You block the death cob's attack. The deep troll bites you!!
* * * LOW HITPOINT WARNING * * *
The deep troll claws you but does no damage.
You block the deep troll's attack. The orc warrior completely misses you.
You slash the death cob!
The death cob is severely damaged.
You closely miss the deep troll. The death cob hits you!!
You die...
Your body crumbles into a pile of gold.

<...##...##.')))+
....##..##..##)##
#...
....##..#..##)..##
'...
....##..#..#.....#
.#..
######..'..'.....+
.'.
######..#..#.....#h.#
..[[##..#..##...##h.+
..[[##..##..##'##To#
..))##...##.+..$@z#
..))##....###...###
..))##......#...+
#################


You could see a death cob, a deep troll, an orc warrior and 2 wolves.

Vanquished Creatures
  An anaconda (D)
  A death yak (D)
  An orc high priest (D)
  A flayed ghost (D)
  3 phantasmal warriors (D)
  A smoke demon (D)
  An orange demon (D)
  A freezing wraith (D)
  Grinder (D)
  A flying skull (D)
  A warg (D)
  An orc warrior (D)
  2 black bears (D)
  A necrophage (D)
  2 centaurs (D)
  A small abomination (D)
  A kobold brigand (D)
  2 gnoll sergeants (D)
  2 bullfrogs (D)
  An orc priest (D)
  An iguana (D)
  2 orc wizards (D)
  7 gnolls (D)
  A river rat (D)
  A worm (D)
  An orc (D)
  A bat skeleton (D)
  An endoplasm (D)
  5 jackals (D)
  A quokka (D)
  A ball python skeleton (D)
  A ball python zombie (D)
  2 bats (D)
  A frilled lizard (D)
  A quokka skeleton (D)
  A rat (D)
54 creatures vanquished.

Notes
Turn   | Place    | Note
-------+----------+-------------------------------------------
     0 | D        | mhtbhm the Minotaur Fighter began the quest for the Orb.
     0 | D        | Reached XP level 1. HP: 19/19 MP: 0/0
   116 | D        | Reached skill level 3 in Axes
   116 | D        | Reached XP level 2. HP: 26/28 MP: 1/1
   238 | D        | Found a bloodstained altar of Trog.
   238 | D        | Found a shimmering blue altar of Sif Muna.
   238 | D        | Found a viscous altar of Jiyva.
   238 | D        | Found a hazy altar of Hepliaklqana.
   238 | D        | Found an opulent altar of Gozag.
   239 | D        | Found a glowing golden altar of the Shining One.
   239 | D        | Found a glowing silver altar of Zin.
   239 | D        | Found a basalt altar of Yredelemnul.
   239 | D        | Found a shimmering altar of Xom.
   239 | D        | Found an ornate altar of the Wu Jian Council.
   239 | D        | Found a sacrificial altar of Ru.
   239 | D        | Found a stormy altar of Qazlal.
   239 | D        | Found an iron altar of Okawaru.
   239 | D        | Found a sparkling altar of Nemelex Xobeh.
   239 | D        | Found a burning altar of Makhleb.
   239 | D        | Found a blossoming altar of Fedhas.
   239 | D        | Found a white marble altar of Elyvilon.
   239 | D        | Found a shadowy altar of Dithmenos.
   239 | D        | Found a snail-covered altar of Cheibriados.
   240 | D        | Found a radiant altar of Vehumet.
   240 | D        | Found a corrupted altar of Lugonu.
   252 | D        | Found an ancient bone altar of Kikubaaqudgha.
   252 | D        | Found a hide-covered altar of Uskayaw.
   252 | D        | Found a broken altar of Ashenzari.
   257 | D        | Became a worshipper of Gozag Ym Sagoz the Greedy
   290 | D        | Noticed a black bear
   290 | D        | Noticed a bullfrog
   291 | D        | Noticed a gnoll sergeant
   291 | D        | Noticed a centaur
   293 | D        | Noticed Grinder
   295 | D        | Reached skill level 5 in Fighting
   295 | D        | Reached skill level 5 in Armour
   295 | D        | Reached skill level 5 in Shields
   300 | D        | Killed a black bear
   301 | D        | Reached skill level 5 in Axes
   301 | D        | Reached skill level 1 in Dodging
   301 | D        | Reached XP level 3. HP: 38/38 MP: 2/2
   301 | D        | Reached XP level 4. HP: 45/45 MP: 3/3
   304 | D        | Killed a centaur
   305 | D        | Reached skill level 6 in Axes
   305 | D        | Reached XP level 5. HP: 53/53 MP: 4/4
   311 | D        | Reached XP level 6. HP: 41/62 MP: 5/5
   313 | D        | Reached skill level 7 in Axes
   377 | D        | Paralysed by Grinder for 3 turns
   394 | D        | Killed Grinder
   395 | D        | Reached skill level 8 in Axes
   395 | D        | Reached XP level 7. HP: 35/71 MP: 6/6
   582 | D        | Reached skill level 10 in Fighting
   584 | D        | Noticed a death yak
   596 | D        | Killed a death yak
   597 | D        | Reached skill level 10 in Axes
   597 | D        | Reached skill level 5 in Dodging
   597 | D        | Reached skill level 10 in Shields
   597 | D        | Reached XP level 8. HP: 16/82 MP: 7/7
   813 | D        | Noticed a flying skull
   825 | D        | Killed a flying skull
   826 | D        | Reached skill level 11 in Axes
  1455 | D        | Noticed an orange demon
  1455 | D        | Noticed an anaconda
  1464 | D        | Killed an anaconda
  1465 | D        | Reached skill level 12 in Axes
  1465 | D        | Reached XP level 9. HP: 38/92 MP: 8/8
  1471 | D        | Killed an orange demon
  1472 | D        | Reached skill level 13 in Axes
  1717 | D        | Noticed a phantasmal warrior
  1718 | D        | Noticed a smoke demon
  1725 | D        | Killed a smoke demon
  1734 | D        | Killed a phantasmal warrior
  1735 | D        | Reached skill level 14 in Axes
  2025 | D        | Noticed a freezing wraith
  2025 | D        | Noticed a flayed ghost
  2030 | D        | Killed a freezing wraith
  2031 | D        | Reached skill level 1 in Stealth
  2035 | D        | Killed a flayed ghost
  2036 | D        | Reached XP level 10. HP: 92/103 MP: 9/9
  2082 | D        | Reached skill level 15 in Axes
  2359 | D        | Noticed a phantasmal warrior
  2372 | D        | Killed a phantasmal warrior
  2621 | D        | Noticed an orc high priest
  2627 | D        | Noticed a sun demon
  2627 | D        | Noticed a sun demon
  2635 | D        | Noticed a deep troll
  2637 | D        | Noticed a death cob
  2637 | D        | Noticed a phantasmal warrior
  2645 | D        | Killed an orc high priest
  2646 | D        | Reached skill level 15 in Fighting
  2646 | D        | Reached skill level 16 in Axes
  2649 | D        | Killed a phantasmal warrior
  2651 | D        | Slain by a death cob

Illustrated notes

Levels and vault maps discovered:
D:        pitsprint [storerooms_1, entrance_room_1, metal_vault_6, armoury_2,
          mini_pit_1, grid_room_1, main_hall_1, silver_pit, the_coven_3,
          the_vestibule_1, steel_vault_1, golden_pit, hallway_of_sentries,
          crystal_vault_2, iron_vault_5, final_vault]

Skill      XL: |  1  2  3  4  5  6  7  8  9 10 |
---------------+-------------------------------+-----
Fighting       | 4 6 7 8 9 11 12 14 15 | 15.2
Armour         | 4 6 7 8 9 11 12 13 | 13.6
Shields        | 4 6 7 8 9 10 11 12 | 12.6
Axes           | 3 5 6 8 10 12 14 16 | 16.6
Dodging        | 1 2 4 5 7 8 9 |  9.3
Stealth        | 1 2 |  2.4

Action                   |  1- 3 |  4- 6 |  7- 9 | 10-12 || total
-------------------------+-------+-------+-------+-------++-------
Melee: Hand axe          |    26 |    27 |    39 |       ||    92
       Headbutt          |     4 |     2 |    18 |    10 ||    34
       War axe           |     2 |       |       |       ||     2
       Broad axe         |       |       |    37 |    46 ||    83
Invok: Potion Petition   |       |       |       |     1 ||     1
  Use: Potion            |     2 |     1 |     4 |     3 ||    10
 Stab: Distracted        |       |       |     1 |       ||     1
Armor: Scale mail        |    24 |    10 |    22 |     7 ||    63
Dodge: Dodged            |    22 |    10 |    33 |    31 ||    96
Block: Buckler           |    12 |     3 |    21 |    12 ||    48

Table legend: (Time is in decaauts)
 A = Elapsed time spent in this place.
 B = Non-inter-level travel time spent in this place.
 C = Inter-level travel time spent in this place.
 D = Time resting spent in this place.
 E = Time spent auto-exploring this place.
 F = Levels seen in this place.
 G = Mean time per level.
                   A        B        C        D        E       F      G
               +--------+--------+--------+--------+--------+-----+--------+
         Total |   2654 |   2654 |      0 |   2013 |     22 |   1 | 2654.0 |
       Dungeon |   2654 |   2654 |      0 |   2013 |     22 |   1 | 2654.0 |
               +--------+--------+--------+--------+--------+-----+--------+

Top non-repeatable levels by time:
       D: 2654 daAuts
